 Dungeon Crawl Stone Soup version 0.28-a0-514-g0d7ab7f379 (webtiles) character file.

Game seed: 9229275947743380155

4993 speeev33 the Spear-Bearer (level 10, 0/95 HPs)
             Began as a Minotaur Berserker on Sept 22, 2021.
             Was an Elder of Trog.
             Slain by a warg (8 damage)
             ... on level 9 of the Dungeon.
             The game lasted 00:16:20 (9216 turns).

speeev33 the Spear-Bearer (Minotaur Berserker)      Turns: 9216, Time: 00:16:20

Health: 0/95       AC: 15    Str: 25    XL:     10   Next: 29%
Magic:  9/9        EV:  8    Int:  4    God:    Trog [****..]
Gold:   492        SH:  0    Dex: 10    Spells: 9/9 levels left

rFire   + + .      SeeInvis .   o - +5 bardiche (vamp)
rCold   + . .      Faith    .   (shield currently unavailable)
rNeg    . . .      Spirit   .   t - +1 plate armour {rF+}
rPois   +          Reflect  .   (helmet restricted)
rElec   .          Harm     .   l - scarf {repulsion}
rCorr   +          Rampage  .   (no gloves)
Will    +++..                   (no boots)
Stlth   ..........              (no amulet)
HPRegen 0.25/turn               r - ring "Ufoufat" {rPois rF+ rC+ Will+++}
MPRegen 0.11/turn               b - ring of resist corrosion

@: about to teleport, repel missiles
A: horns 2, retaliatory headbutt
a: Renounce Religion, Berserk, Trog's Hand, Brothers in Arms


You were on level 9 of the Dungeon.
You worshipped Trog.
Trog was greatly pleased with you.
You visited 2 branches of the dungeon, and saw 10 of its levels.
You also visited: Bailey.

You collected 492 gold pieces.

Inventory:

Hand Weapons
 o - a +5 vampiric bardiche (weapon)
 q - a +0 broad axe
 x - a +1 dire flail
Missiles
 i - 3 silver boomerangs (quivered)
Armour
 l - a scarf of repulsion (worn)
 s - a +0 kite shield
 t - a +1 plate armour of fire resistance (worn)
Jewellery
 b - a ring of resist corrosion (right hand)
 e - a +6 ring of dexterity
 m - a ring of fire
 r - the ring "Ufoufat" (left hand) {rPois rF+ rC+ Will+++}
   (You acquired it on level 7 of the Dungeon)

   [ring of protection from fire]

   rF:        It protects you from fire.
   rC:        It protects you from cold.
   rPois:     It protects you from poison.
   Will:      It greatly increases your willpower.
 A - a +6 ring of dexterity
Wands
 h - a wand of iceblast (5)
 y - a wand of polymorph (5)
Scrolls
 c - 3 scrolls of teleportation
 n - a scroll of immolation
 p - 3 scrolls of magic mapping
 w - 2 scrolls of identify
 z - a scroll of fear
 C - a scroll of summoning {unknown}
 D - a scroll of vulnerability {unknown}
Potions
 a - a potion of cancellation {unknown}
 d - 2 potions of flight
 f - 5 potions of brilliance
 g - a potion of haste {unknown}
 j - 2 potions of curing {unknown}
 k - a potion of invisibility {unknown}
 u - a potion of lignification {unknown}
 B - 2 potions of might {unknown}
Miscellaneous
 v - a tin of tremorstones (2/2)


   Skills:
 + Level 11.1 Fighting
 + Level 11.1 Polearms
 + Level 10.8 Armour
 - Level 2.1 Dodging


You had 9 spell levels left.
You didn't know any spells.
Your spell library was empty.

Dungeon Overview and Level Annotations

Branches:
Dungeon (9/15)             Temple (1/1) D:7          Bailey (visited)
   Lair: D:8-11         Orc: D:9-12

Altars:
Cheibriados
Elyvilon
Hepliaklqana
Kikubaaqudgha
Makhleb
Nemelex Xobeh
Ru
Sif Muna
Trog

Shops:
D:4 *   D:9 (

Annotations:
D:5 2 transporters, Gmanzz2004's ghost, novice HOFi


Innate Abilities, Weirdness & Mutations

You have a pair of horns on your head.
You reflexively headbutt those who attack you in melee.


Message History

You closely miss the killer bee zombie.
Your headbutt misses the killer bee zombie.
The killer bee zombie hits you but does no damage.
You completely miss the warg. The warg bites you.
The warg bites you but does no damage.
You barely miss the warg. Your headbutt misses the warg.
The warg closely misses you.
You barely miss the warg. Your headbutt misses the warg.
The warg bites you but does no damage. The warg bites you!
You closely miss the warg. You headbutt the warg!
The warg is lightly wounded.
The warg bites you but does no damage. The warg bites you!
* * * LOW HITPOINT WARNING * * *
The warg bites you but does no damage. x2
You slice the warg!!
You kill the warg!
Trog accepts your kill. The warg bites you but does no damage.
The warg bites you.
* * * LOW HITPOINT WARNING * * *
The orc hits you but does no damage.
You slice the orc!!
You feel better.
You kill the orc!
Trog accepts your kill. The warg barely misses you.
The killer bee zombie hits you but does no damage.
The warg bites you!
* * * LOW HITPOINT WARNING * * *
The killer bee zombie hits you but does no damage.
As you read the scroll of teleportation, it crumbles to dust.
You feel strangely unstable.
The killer bee zombie barely misses you.
The warg bites you but does no damage.
Okay, then.
The killer bee zombie barely misses you.
You furiously retaliate!
You headbutt the killer bee zombie!
The killer bee zombie hits you but does no damage.
The warg bites you!
* * * LOW HITPOINT WARNING * * *
The warg bites you!
You die...

###...............#
#................##
.................#
....)...........#
.#............##
#............#
###.......####
###..####### ...
##Z@### .... ##.h##
....### ##..##
.......####oo##
..........###
#.......# #.......#
#......## #..†...#


You could see a warg, 2 orc priests and a killer bee zombie.

Vanquished Creatures
  An orc knight (Bailey)
  4 yaks (D:8)
  2 shadows (D:9)
  A wyvern (D:6)
  A steam dragon (D:8)
  2 wargs (D:9)
  2 water moccasins (D:5)
  4 orc warriors
  2 ice beasts (D:7)
  3 centaurs (D:8)
  A necrophage (D:5)
  2 ogres (D:6)
  2 bullfrogs
  2 scorpions
  A gnoll sergeant (D:7)
  A water moccasin zombie (D:5)
  A water moccasin skeleton (D:5)
  A wyvern skeleton (D:7)
  7 wights
  An electric eel (D:7)
  2 howler monkeys
  3 centaur zombies (D:9)
  A hound (D:5)
  2 jellies (D:6)
  4 orc priests
  A bullfrog skeleton (D:6)
  A gnoll shaman (D:4)
  Crazy Yiuf (D:5)
  3 centaur skeletons
  2 iguanas
  9 orc wizards
  6 gnolls
  5 adders
  A shadow imp (D:7)
  An ufetubus (D:5)
  2 adder skeletons (D:4)
  A worm (D:4)
  4 dart slugs
  34 orcs
  6 ball pythons
  A bat zombie (D:7)
  7 endoplasms
  A giant cockroach (D:3)
  8 goblins
  12 hobgoblins
  10 jackals
  26 kobolds
  3 quokkas
  4 bats
  2 frilled lizards
  4 rats
  A rat zombie (D:7)
209 creatures vanquished.

Vanquished Creatures (others)
  4 plants (D:7)
4 creatures vanquished.

Grand Total: 213 creatures vanquished

Notes
Turn   | Place    | Note
-------+----------+-------------------------------------------
     0 | D:1      | speeev33 the Minotaur Berserker began the quest for the
                  | Orb.
     0 | D:1      | Reached XP level 1. HP: 19/19 MP: 0/0
   347 | D:1      | Reached XP level 2. HP: 27/27 MP: 1/1
  1204 | D:1      | Reached XP level 3. HP: 33/33 MP: 2/2
  2078 | D:2      | Found a faded altar of an unknown god.
  2126 | D:2      | Reached ** piety under Trog
  2564 | D:3      | Reached XP level 4. HP: 39/41 MP: 3/3
  3534 | D:4      | Found Gmnouluh's Goods Gallery.
  3724 | D:4      | Reached skill level 5 in Fighting
  3727 | D:4      | Reached skill level 5 in Polearms
  3727 | D:4      | Reached XP level 5. HP: 47/48 MP: 4/4
  4503 | D:5      | Entered Level 5 of the Dungeon
  4503 | D:5      | Noticed a water moccasin
  4503 | D:5      | Noticed a necrophage
  4504 | D:5      | Noticed a water moccasin
  4552 | D:5      | Noticed a two-headed ogre
  4553 | D:5      | Noticed Gmanzz2004's ghost (novice HOFi)
  4555 | D:5      | Found a transporter.
  4564 | D:5      | Found a transporter.
  4575 | D:5      | Reached XP level 6. HP: 55/56 MP: 5/5
  4578 | D:5      | Killed a water moccasin
  4579 | D:5      | Reached skill level 5 in Armour
  4659 | D:5      | Killed a water moccasin
  4679 | D:5      | Reached XP level 7. HP: 63/64 MP: 6/6
  4798 | D:5      | Found a sacrificial altar of Ru.
  4805 | D:5      | Found a bloodstained altar of Trog.
  4808 | D:5      | Found a snail-covered altar of Cheibriados.
  4969 | D:5      | Found a runed translucent door.
  4970 | D:5      | Noticed Crazy Yiuf
  5237 | D:5      | Reached *** piety under Trog
  5385 | D:5      | Identified the +1 leather armour "Unonofi" {Rampage}
  5608 | D:5      | Killed Crazy Yiuf
  5975 | D:6      | Found a burning altar of Makhleb.
  6079 | D:6      | Reached XP level 8. HP: 70/73 MP: 7/7
  6440 | D:6      | Found a sparkling altar of Nemelex Xobeh.
  6440 | D:6      | Found a shimmering blue altar of Sif Muna.
  6470 | D:7      | Found a flagged portal.
  6474 | Bailey   | Entered a bailey
  6498 | Bailey   | Noticed an orc knight
  6522 | Bailey   | Killed an orc knight
  6545 | Bailey   | HP: 3/77 [orc warrior (5)]
  6547 | Bailey   | Reached XP level 9. HP: 5/82 MP: 8/8
  6865 | Bailey   | Identified the +2 hand crossbow "Hiyts" {freeze, rN+ Dex+4}
  6943 | D:7      | Identified 2 scrolls of acquirement
  6943 | D:7      | Acquired a +5 vampiric bardiche
  6944 | D:7      | Acquired the ring "Ufoufat" {rPois rF+ rC+ Will+++}
  6983 | D:7      | Reached **** piety under Trog
  7228 | D:7      | Found an ancient bone altar of Kikubaaqudgha.
  7273 | D:7      | Found a staircase to the Ecumenical Temple.
  7278 | Temple   | Entered the Ecumenical Temple
  7759 | D:8      | Reached skill level 10 in Fighting
  7759 | D:8      | Reached skill level 10 in Polearms
  8260 | D:8      | Reached skill level 10 in Armour
  8279 | D:8      | Reached XP level 10. HP: 84/94 MP: 9/9
  8667 | D:9      | Found a hazy altar of Hepliaklqana.
  9088 | D:9      | Found Pawoi's Weapon Boutique.
  9216 | D:9      | Slain by a warg

Illustrated notes

Levels and vault maps discovered:
D:1:      shiori_arrival_maze, layout_basic
D:2:      layout_basic, hellmonk_ecumenical_altar_crossroads,
          kennysheep_pointless_box
D:3:      layout_basic
D:4:      layout_loops_ring, st_stairs_9, nicolae_alphabet_shops,
          glass_columns_a, hangedman_minor_gate_pass
D:5:      layout_cave_pods, grunt_temple_overflow_open, gammafunk_ghost_arena,
          st_stairs_1, hangedman_decor_growths, minmay_misc_feat_room,
          chequers_arboretum, uniq_crazy_yiuf_cottage
D:6:      layout_rooms, nicolae_overflow_hidden_temple
D:7:      layout_rooms, lemuel_zombie_altar_kikubaaqudgha,
          minmay_temple_entry_gardened_gates, enter_bailey_1, minmay_holes,
          nrook_pool_corridor
D:8:      layout_basic
D:9:      layout_cave_pods, fedhas_bush_and_centaur_altar,
          mainiacjoe_overflow_catwalk, erik_lair_orcish_takeover, serial_shops,
          nicolae_shop_crystal
Temple:   dshaligram_water_room_temple

Skill      XL: |  1  2  3  4  5  6  7  8  9 10 |
---------------+-------------------------------+-----
Polearms       | 4 5 6 7 8 10 11 | 11.1
Fighting       | 4 5 6 7 8 10 11 | 11.1
Armour         | 3 4 5 6 8 10 | 10.8
Dodging        | |  2.1

Action                   |  1- 3 |  4- 6 |  7- 9 | 10-12 || total
-------------------------+-------+-------+-------+-------++-------
Melee: Spear             |   102 |   128 |   215 |       ||   445
       Headbutt          |    14 |    32 |    64 |     5 ||   115
       Bardiche          |       |       |   109 |    63 ||   172
Invok: Berserk           |       |     2 |     1 |       ||     3
       Trog's Hand       |       |       |     2 |       ||     2
  Use: Scroll            |     4 |     1 |     5 |     1 ||    11
 Stab: Sleeping          |     3 |       |       |       ||     3
Armor: Animal skin       |    12 |       |       |       ||    12
       Scale mail        |     1 |    21 |    15 |       ||    37
       Chain mail        |       |       |    38 |       ||    38
       Plate armour      |       |       |    81 |    58 ||   139
Dodge: Dodged            |    40 |    35 |   158 |    41 ||   274
       Repelled          |       |       |     1 |     1 ||     2

Table legend: (Time is in decaauts)
 A = Elapsed time spent in this place.
 B = Non-inter-level travel time spent in this place.
 C = Inter-level travel time spent in this place.
 D = Time resting spent in this place.
 E = Time spent auto-exploring this place.
 F = Levels seen in this place.
 G = Mean time per level.
                   A        B        C        D        E       F      G
               +--------+--------+--------+--------+--------+-----+--------+
         Total |   9224 |   8883 |    341 |   1188 |   6166 |  11 |  838.5 |
       Dungeon |   8817 |   8476 |    341 |    983 |   6166 |   9 |  979.7 |
        Temple |      1 |      1 |      0 |      0 |      0 |   1 |    1.0 |
        Bailey |    405 |    405 |      0 |    204 |      0 |   1 |  405.0 |
               +--------+--------+--------+--------+--------+-----+--------+

Top non-repeatable levels by time:
     D:1: 1466 daAuts
     D:5: 1254 daAuts
     D:4: 1098 daAuts
     D:3: 1024 daAuts
     D:8: 912 daAuts
     D:2: 893 daAuts
     D:6: 815 daAuts
     D:7: 712 daAuts
     D:9: 638 daAuts
  Bailey: 405 daAuts
  Temple: 1 daAuts
